 Dungeon Crawl Stone Soup version 0.27-a0-1290-g15d3ce7508 (webtiles) character file.

Game seed: 8633602720202059134

766 Delamore the Chopper (level 8, -7/62 HPs)
             Began as a Formicid Fighter on June 15, 2021.
             Was an Initiate of Gozag.
             Killed from afar by an electric eel (9 damage)
             ... with a bolt of electricity
             ... on level 6 of the Dungeon.
             The game lasted 00:03:48 (4293 turns).

Delamore the Chopper (Formicid Fighter)             Turns: 4293, Time: 00:03:49

Health: -7/62      AC:  6    Str: 23    XL:     8   Next: 8%
Magic:  8/8        EV:  8    Int:  8    God:    Gozag
Gold:   222        SH: 10    Dex: 10    Spells: 7/7 levels left

rFire    . . .     SeeInvis +   a - +1 war axe (spect)
rCold    . . .     Faith    .   c - +1 kite shield
rNeg     . . .     Spirit   .   b - +0 scale mail
rPois    .         Reflect  .   (helmet unavailable)
rElec    .         Harm     .   (no cloak)
rCorr    .         Rampage  .   (no gloves)
Will     .....                  (no boots)
Stlth    ..........             (no amulet)
HPRegen  0.20/turn              (no ring)
MPRegen  0.11/turn              (no ring)

@: no status effects
A: permanent stasis, dig shafts and tunnels, antennae 3, four strong arms
a: Dig, Shaft Self, Renounce Religion, Potion Petition, Call Merchant, Bribe
Branch


You were on level 6 of the Dungeon.
You worshipped Gozag.
Gozag was aware of your devotion.
You visited 2 branches of the dungeon, and saw 7 of its levels.

You collected 294 gold pieces.
You paid 72 gold pieces to Gozag.

Inventory:

Hand Weapons
 a - a +1 spectral war axe (weapon)
Missiles
 e - 23 poisoned darts (quivered)
 l - a curare-tipped dart
Armour
 b - a +0 scale mail (worn)
 c - a +1 kite shield (worn)
 o - a +0 plate armour
Jewellery
 k - a +6 ring of strength
Wands
 h - a wand of digging (2)
Scrolls
 f - 2 scrolls of fog
 m - 5 scrolls of immolation
 n - a scroll of fear
Potions
 d - a potion of might
 g - 3 potions of haste
 i - 3 potions of heal wounds
 j - 3 potions of curing
 p - a potion of attraction


   Skills:
 - Level 5.0 Fighting
 * Level 7.9 Axes
 - Level 3.2 Armour
 - Level 3.6 Shields


You had 7 spell levels left.
You didn't know any spells.
Your spell library contained the following spells:

 Spells                   Type           Power      Damage    Failure   Level
 Foxfire                  Conj/Fire      0%         2x1d4     98%         1
 Summon Small Mammal      Summ           0%         N/A       98%         1
 Call Imp                 Summ           0%         N/A       99%         2
 Call Canine Familiar     Summ           0%         N/A       100%        3
 Conjure Flame            Conj/Fire      0%         6-21      100%        3
 Inner Flame              Hex/Fire       0%         N/A       100%        3
 Summon Guardian Golem    Hex/Summ       0%         N/A       100%        3
 Sticky Flame             Conj/Fire      0%         2d3       100%        4
 Summon Ice Beast         Ice/Summ       0%         N/A       100%        4
 Summon Lightning Spire   Summ/Air       0%         N/A       100%        4
 Fireball                 Conj/Fire      0%         3d3       100%        5


Dungeon Overview and Level Annotations

Branches:
Dungeon (6/15)             Temple (1/1) D:5

Altars:
Ashenzari
Gozag
Nemelex Xobeh
Okawaru
Qazlal
Uskayaw
Vehumet
Wu Jian
Yredelemnul

Shops:
D:2 [   D:4 *


Innate Abilities, Weirdness & Mutations

You cannot be hasted, slowed, berserked, paralysed or teleported.
You can dig through walls and to a lower floor.
You have a pair of large antennae on your head. (SInv)
Your four strong arms can wield two-handed weapons with a shield.


Message History

* * * LOW HITPOINT WARNING * * *
The bolt of electricity hits the electric eel.
The electric eel completely resists.
You miss the electric eel. You hit the plant.
The plant begins to die.
Your spectral +1 spectral war axe hits the plant! x2
The plant begins to die.
Your spectral +1 spectral war axe hits the electric eel!
You hit the electric eel.
The electric eel is almost dead.
You slash the plant!
Your spectral +1 spectral war axe hits the plant.
Your spectral +1 spectral war axe barely misses the electric eel.
Your spectral +1 spectral war axe hits the plant.
The electric eel shoots out a bolt of lightning at you!
The bolt of electricity hits you!
* * * LOW HITPOINT WARNING * * *
The bolt of electricity misses you.
The bolt of electricity hits the electric eel.
The electric eel completely resists.
The electric eel shoots out a bolt of lightning at your spectral +1 spectral war axe!
The bolt of electricity hits the plant!
The bolt of electricity hits your spectral +1 spectral war axe.
Your spectral +1 spectral war axe resists.
Your spectral weapon shares its damage with you!
The bolt of electricity hits the plant!
The plant begins to die.
The bolt of electricity hits the plant!
The plant begins to die.
The bolt of electricity hits the plant!
* * * LOW HITPOINT WARNING * * *
Your shield prevents you from hitting the electric eel.
The electric eel is almost dead.
You slash the plant!
Your spectral +1 spectral war axe hits the plant! x2
The plant begins to die.
Your spectral +1 spectral war axe completely misses the plant.
Your spectral +1 spectral war axe hits the plant!
The plant begins to die.
A nearby plant withers and dies.
The electric eel shoots out a bolt of lightning at you!
The bolt of electricity hits you!
You die...
Your body crumbles into a pile of gold.

..... P.≈≈≈ ≈ .# .....
.≈≈≈≈♣P♣♣{≈P.# ....#
PP♣≈≈PPPP♣≈P.#
....###PP{♣PPP≈P≈♣PP#
....#..PP≈≈P≈≈#≈≈≈P≈##
.......P≈♣PP# P≈≈≈P≈#
....(<.≈P≈P# ##.≈♣P≈##
...#.##P♣≈P# #.;P(P.P#
#..####P≈≈P# #.@.≈PP.#
#))..#.P≈PP####.#≈≈≈≈.#
#.)....P≈≈........PP.P#
)))).......######....##
......###### ######
......# ..#...# .######
##


You could see an electric eel (ally target) and a friendly spectral +1 spectral
war axe (summoned).

Vanquished Creatures
  A water moccasin (D:4)
  2 ogres
  A kobold brigand (D:6)
  A water moccasin zombie (D:5)
  A water moccasin skeleton (D:4)
  3 hounds
  2 iguanas
  A scorpion zombie (D:5)
  2 hound skeletons (D:5)
  5 adders
  A white imp (D:5)
  An adder skeleton (D:4)
  11 orcs
  8 endoplasms
  3 giant cockroaches
  5 goblins
  5 hobgoblins
  A quokka (D:1)
  9 ball pythons
  4 bats
  3 frilled lizards
  10 kobolds
  7 rats
87 creatures vanquished.

Vanquished Creatures (others)
  7 plants
7 creatures vanquished.

Grand Total: 94 creatures vanquished

Notes
Turn   | Place    | Note
-------+----------+-------------------------------------------
     0 | D:1      | Delamore the Formicid Fighter began the quest for the Orb.
     0 | D:1      | Reached XP level 1. HP: 18/18 MP: 1/1
   164 | D:1      | Found a faded altar of an unknown god.
   171 | D:1      | Reached XP level 2. HP: 23/24 MP: 2/2
   181 | D:1      | Became a worshipper of Nemelex Xobeh the Trickster
   181 | D:1      | Reached * piety under Nemelex Xobeh
   181 | D:1      | Received a gift from Nemelex Xobeh
   796 | D:2      | Reached skill level 3 in Axes
   796 | D:2      | Reached XP level 3. HP: 30/30 MP: 3/3
  1509 | D:2      | Reached ** piety under Nemelex Xobeh
  1509 | D:2      | Received a gift from Nemelex Xobeh
  1514 | D:2      | Reached XP level 4. HP: 37/37 MP: 4/4
  1665 | D:2      | Found Omafuhaj's Armour Shoppe.
  1946 | D:3      | Found a broken altar of Ashenzari.
  1946 | D:3      | Found a basalt altar of Yredelemnul.
  2465 | D:4      | Reached skill level 4 in Axes
  2465 | D:4      | Reached XP level 5. HP: 43/43 MP: 5/5
  2883 | D:4      | Noticed a water moccasin
  2889 | D:4      | Killed a water moccasin
  2890 | D:4      | Reached skill level 5 in Axes
  2890 | D:4      | Reached XP level 6. HP: 49/50 MP: 6/6
  2980 | D:4      | Reached skill level 5 in Fighting
  3037 | D:4      | Reached *** piety under Nemelex Xobeh
  3127 | D:4      | Found Hukeq's Lightly-Used Armoury.
  3173 | D:4      | Noticed an ogre
  3177 | D:4      | Killed an ogre
  3178 | D:4      | Reached skill level 6 in Axes
  3178 | D:4      | Reached XP level 7. HP: 56/56 MP: 7/7
  3325 | D:5      | Entered Level 5 of the Dungeon
  3339 | D:5      | Found a stormy altar of Qazlal.
  3574 | D:5      | Reached skill level 7 in Axes
  3838 | D:5      | Found a staircase to the Ecumenical Temple.
  3851 | Temple   | Entered the Ecumenical Temple
  3984 | Temple   | Fell from the grace of Nemelex Xobeh
  3984 | Temple   | Became a worshipper of Gozag Ym Sagoz the Greedy
  4169 | D:6      | Reached XP level 8. HP: 49/62 MP: 8/8
  4292 | D:6      | HP: 3/62 [electric eel/bolt of electricity (9)]
  4293 | D:6      | Killed from afar by an electric eel

Illustrated notes

Levels and vault maps discovered:
D:1:      onia_arrival_handbag, layout_rooms, shapermc_ecumenical_altar_gd
D:2:      layout_basic, serial_shops, nicolae_shop_behind_doors
D:3:      layout_loops_cross, grunt_temple_overflow_open, minivault_27,
          st_stairs_8, kennysheep_generic_room_5
D:4:      layout_gridville, minmay_shop_damaged
D:5:      layout_rooms, general_overflow_altar,
          minmay_temple_entry_enclosed_plants
D:6:      layout_cave_pools, serial_shops, nicolae_shop_statue_plus,
          serial_bayou_lagoon_a, uniq_menkaure
Temple:   dpeg_chambers_temple

Skill      XL: |  1  2  3  4  5  6  7 |
---------------+----------------------+-----
Axes           | 3 4 5 6 7 |  7.9
Fighting       | 4 5 |  5.0
Armour         | |  3.2
Shields        | |  3.6

Action                   |  1- 3 |  4- 6 |  7- 9 || total
-------------------------+-------+-------+-------++-------
Melee: War axe           |    93 |    58 |    50 ||   201
  Use: Scroll            |     2 |     9 |     3 ||    14
 Stab: Distracted        |       |       |     1 ||     1
Armor: Scale mail        |    41 |    15 |    11 ||    67
Dodge: Dodged            |    33 |    19 |    18 ||    70
Block: Kite shield       |    55 |    24 |    14 ||    93

Table legend: (Time is in decaauts)
 A = Elapsed time spent in this place.
 B = Non-inter-level travel time spent in this place.
 C = Inter-level travel time spent in this place.
 D = Time resting spent in this place.
 E = Time spent auto-exploring this place.
 F = Levels seen in this place.
 G = Mean time per level.
                   A        B        C        D        E       F      G
               +--------+--------+--------+--------+--------+-----+--------+
         Total |   4387 |   4211 |    176 |    151 |   3431 |   7 |  626.7 |
       Dungeon |   4245 |   4112 |    133 |    151 |   3335 |   6 |  707.5 |
        Temple |    141 |     98 |     43 |      0 |     96 |   1 |  141.0 |
               +--------+--------+--------+--------+--------+-----+--------+

Top non-repeatable levels by time:
     D:2: 1050 daAuts
     D:4: 882 daAuts
     D:1: 803 daAuts
     D:5: 701 daAuts
     D:3: 667 daAuts
  Temple: 141 daAuts
     D:6: 139 daAuts
